 Dungeon Crawl Stone Soup version 0.21-a0-440-g28109cb (webtiles) character file.

41876 kiturien the Peltast (level 13, -10/119 HPs)
             Began as a Minotaur Fighter on Nov 9, 2017.
             Was the Champion of Wu Jian.
             Killed from afar by a deep elf knight (21 damage)
             ... with a stone arrow
             ... on level 1 of the Elven Halls on Nov 10, 2017.
             The game lasted 01:23:18 (15729 turns).

kiturien the Peltast (Minotaur Fighter)            Turns: 15729, Time: 01:23:19

Health: -10/119    AC: 28    Str: 38    XL:     13   Next: 82%
Magic:  14/14      EV: 11    Int:  5    God:    Wu Jian [******]
Gold:   782        SH:  0    Dex: 13    Spells: 12/12 levels left

rFire    + . .     SeeInvis +   F - +6 long sword of Hecvoq {pain, Fragile Str+7 Stlth+}
rCold    + . .     Gourm    .   c - +3 shield
rNeg     . . .     Faith    .   H - +0 crystal plate armour
rPois    +         Spirit   .   O - +2 hat {SInv}
rElec    .         Reflect  .   C - scarf {rC+ rF+}
rCorr    .         Harm     .   (no gloves)
MR       .....     Rnd*Rage +   G - +1 pair of boots {run}
Stlth    ..........             (no amulet)
HPRegen  0.29/turn              h - ring of poison resistance
MPRegen  0.14/turn              T - +6 ring of strength

@: confused, slowed, very slow
A: retaliatory headbutt, hooves 1, horns 2, thin skeletal structure 1, yellow
scales 1, berserk 1, high mp 2, evolution 1
a: Serpent's Lash, Heavenly Storm, Renounce Religion


You were on level 1 of the Elven Halls.
You worshipped Wu Jian.
Wu Jian was exalted by your worship.
You were not hungry.

You visited 5 branches of the dungeon, and saw 19 of its levels.
You also visited: Labyrinth.

You collected 1823 gold pieces.
You spent 1041 gold pieces at shops.

Inventory:

Hand Weapons
 m - a +3 scimitar
 F - the +6 long sword of Hecvoq (weapon) {pain, Fragile Str+7 Stlth+}
   (You bought it in a shop on level 7 of the Dungeon)

   In the hands of one skilled in necromantic magic, it inflicts extra damage on
   living creatures.
   It affects your strength (+7).
   It will be destroyed if unequipped.
   It makes you more stealthy.
 L - the +8 dagger of Crawling {pierce, +Blink Int+3}
   (You found it in a labyrinth)

   It inflicts extra damage upon your enemies.
   It affects your intelligence (+3).
   It lets you blink.
 M - a +2 vampiric war axe
Missiles
 y - 2 throwing nets (quivered)
Armour
 c - a +3 shield (worn)
 u - a +8 plate armour of ponderousness
 C - a scarf of resistance (worn)
 G - a +1 pair of boots of running (worn)
 H - a +0 crystal plate armour (worn)
 O - a +2 hat of see invisible (worn)
 U - a +1 plate armour of positive energy
Jewellery
 h - a ring of poison resistance (left hand)
 n - a +3 ring of dexterity
 z - an uncursed ring of ice
 I - an uncursed ring of fire
 T - a +6 ring of strength (right hand)
Wands
 b - a wand of paralysis (11/24)
 w - a wand of polymorph (8/24)
 D - a wand of paralysis (19/24)
 Q - a wand of confusion (25/48)
Scrolls
 e - 4 scrolls of teleportation
 i - 4 scrolls of remove curse
 p - 3 scrolls of recharging
 q - a scroll of identify
 r - a scroll of immolation
 v - 2 scrolls of blinking
 K - 2 scrolls of random uselessness {unknown}
 N - 3 scrolls of holy word {unknown}
 S - 2 scrolls of magic mapping
Potions
 d - 2 potions of might
 g - 2 potions of haste
 j - 9 potions of curing
 l - 2 potions of heal wounds
 t - 4 potions of ambrosia
 A - 6 potions of brilliance
 B - a potion of agility
 E - a potion of cancellation
Books
 x - a Young Poisoner's Handbook

   Spells                             Type                      Level
   a - Sting                          Conjuration/Poison           1
   b - Poisonous Vapours              Poison/Air                   2
   c - Mephitic Cloud                 Conjuration/Poison/Air       3
   d - Olgreb's Toxic Radiance        Poison                       4
   e - Venom Bolt                     Conjuration/Poison           5
 J - a book of Minor Magic

   Spells                             Type                      Level
   a - Magic Dart                     Conjuration                  1
   b - Blink                          Translocation                2
   c - Call Imp                       Summoning                    2
   d - Slow                           Hexes                        2
   e - Conjure Flame                  Conjuration/Fire             3
   f - Mephitic Cloud                 Conjuration/Poison/Air       3
 P - a book of Alchemy

   Spells                             Type                      Level
   a - Sublimation of Blood           Necromancy                   2
   b - Ignite Poison                  Fire/Transmutation/Poison    3
   c - Petrify                        Transmutation/Earth          4
   d - Alistair's Intoxication        Transmutation/Poison         5
   e - Irradiate                      Conjuration/Transmutation    5
Comestibles
 f - 9 bread rations
 k - 16 royal jellies
 o - 3 meat rations
 s - 7 fruits
 R - 12 chunks of flesh


   Skills:
 * Level 12.4 Fighting
 + Level 12.5 Long Blades
 - Level 7.4 Axes
 + Level 12.1 Armour
 * Level 7.6 Dodging
 + Level 16.2 Shields


You had 12 spell levels left.
You didn't know any spells.

Dungeon Overview and Level Annotations

Branches:
Dungeon (12/15)            Temple (1/1) D:7            Lair (3/6) D:8
 Shoals (0/4) Lair:3          Orc (2/2) D:10            Elf (1/3) Orc:2
  Snake: Lair:2-4    Spider: Lair:2-4

Altars:
Cheibriados
Dithmenos
Fedhas
Gozag
Kikubaaqudgha
Okawaru
Uskayaw
Wu Jian
Xom
Yredelemnul
Zin
The Shining One
Beogh

Shops:
D:4 *[*%=   D:6 [   D:7 =:[((   D:8 !   D:10 ?   Orc:2 %?}(

Annotations:
D:11 2 runed doors


Innate Abilities, Weirdness & Mutations

You reflexively headbutt those who attack you in melee.
You have a pair of horns on your head.
You have large cloven feet.
You have a somewhat thin skeletal structure. (Dex +2, Stealth)
You are partially covered in yellow scales. (AC +2)
You tend to lose your temper in combat.
You have a considerably increased reservoir of magic. (+20% MP)
You evolve.


Message History

The deep elf knight gestures at you while chanting.
The stone arrow hits you! You block the fire elemental's attack.
You block the deep elf archer's attack.
The deep elf archer unwields an uncursed longbow.
The deep elf archer wields an uncursed short sword.
The deep elf archer hits you but does no damage.
The deep elf archer shoots an arrow.
The arrow hits you but does no damage.
The deep elf knight gestures at you while chanting.
The stone arrow hits you!
* * * LOW HITPOINT WARNING * * *
The deep elf mage hits you but does no damage.
The fire elemental barely misses you. You furiously retaliate!
You headbutt the fire elemental.
You destroy the fire elemental!
The deep elf archer points at you and mumbles some strange words.
You are confused.
The deep elf archer blinks!
The deep elf knight points at you and mumbles some strange words.
The stone arrow hits you!
You die...

## ##.# #..#### /#
##..##<# .##
#....#.# ...#
#....#.# ...#
#....#.#....#
###....#e#....#.
##....(.§@.....e.
#.....(8.ee8.....
..........E§E§..(.
##.##....#(#§§..##
# #....#.#.§..#
#.)..#.#...e#
#....#.#....#
##..##.# ..##
#..#### .#


You could see 3 deep elf archers, a deep elf knight, a deep elf mage and 2 fire
elementals.

Vanquished Creatures
  Rupert (Orc:2)
  A minotaur (Lab)
  A hydra (Lair:1)
  A death knight (D:11)
  5 two-headed ogres
  5 orc high priests (Orc:2)
  The ghost of tof the Cruncher, a novice MiGl of Okawaru (D:7)
  7 orc knights (Orc:2)
  The ghost of Barriton the Carver, a novice MiGl of Makhleb (D:5)
  2 deep elf magi (Elf:1)
  A manticore (Lair:3)
  A black mamba (Lair:2)
  3 gargoyles
  6 spiny frogs
  3 komodo dragons
  A queen bee (D:10)
  5 trolls
  13 blink frogs
  7 hippogriffs
  2 redbacks (Lab)
  A spriggan (D:10)
  A vampire (D:9)
  14 yaks
  2 wyverns
  2 shadows (Lab)
  A fire elemental (Elf:1)
  4 basilisks (Lab)
  A hungry ghost (D:9)
  Grum (D:8)
  4 wargs
  3 water moccasins
  A soldier ant (D:10)
  30 orc warriors
  8 porcupines
  2 black bears
  3 sky beasts
  An ice beast (D:8)
  A necrophage (D:6)
  16 ogres
  4 phantoms
  A centaur (D:6)
  8 wolves
  4 crocodiles
  A big kobold (D:7)
  15 bullfrogs
  4 scorpions
  29 killer bees
  3 howler monkeys
  2 crimson imps
  2 centaur zombies
  36 orc priests
  2 bullfrog skeletons
  3 hounds
  2 centaur skeletons
  4 jellies
  24 orc wizards
  3 iguanas
  10 worker ants
  A hound zombie (D:9)
  2 ogre skeletons (Lab)
  A worker ant zombie (D:8)
  4 gnolls (D:9)
  8 adders
  A shadow imp (D:5)
  An ooze (D:2)
  An adder skeleton (D:5)
  An adder zombie (D:8)
  2 worms
  A dart slug (D:1)
  6 leopard geckos
  84 orcs
  A ball python (D:4)
  6 bats
  8 giant cockroaches
  13 goblins
  12 hobgoblins
  24 jackals
  15 kobolds
  3 quokkas
  5 frilled lizards
  A jackal skeleton (D:6)
  A quokka skeleton (D:9)
  6 rats
  A fungus (D:8)
  2 plants (Lair:2)
531 creatures vanquished.

Vanquished Creatures (others)
  A deep elf mage (Elf:1)
  An orc wizard (D:11)
  12 fungi (D:8)
  2 plants (D:8)
16 creatures vanquished.

Grand Total: 547 creatures vanquished

Notes
Turn   | Place    | Note
-------+----------+-------------------------------------------
     0 | D:1      | kiturien the Minotaur Fighter began the quest for the Orb.
     0 | D:1      | Reached XP level 1. HP: 19/19 MP: 0/0
    30 | D:1      | Reached XP level 2. HP: 27/27 MP: 1/1
   520 | D:1      | Reached XP level 3. HP: 29/34 MP: 2/2
   889 | D:2      | Reached skill level 5 in Fighting
  1109 | D:2      | Reached XP level 4. HP: 39/42 MP: 3/3
  2075 | D:3      | Reached skill level 5 in Axes
  2075 | D:3      | Reached XP level 5. HP: 32/48 MP: 4/4
  2330 | D:3      | Found a glowing golden altar of the Shining One.
  2468 | D:3      | Reached XP level 6. HP: 48/56 MP: 5/5
  2760 | D:4      | Found Zapailys's Food Boutique.
  2845 | D:4      | Found Duxi's Jewellery Emporium.
  2923 | D:4      | Reached skill level 4 in Shields
  2943 | D:4      | Found Kunwysho's Armour Shop.
  3015 | D:4      | Reached skill level 5 in Shields
  3159 | D:4      | Found Volosch's General Store.
  3248 | D:4      | Found Hoetota's General Store.
  3413 | D:4      | Gained mutation: You are weak. (Str -2) [potion of mutation]
  3413 | D:4      | Gained mutation: You occasionally shout uncontrollably at your foes. [potion of mutation]
  3413 | D:4      | Gained mutation: Your magical capacity is low. (-10% MP) [potion of mutation]
  3413 | D:4      | Gained mutation: You evolve. [potion of mutation]
  3414 | D:4      | Lost mutation: You are weak. (Str -2) [potion of mutation]
  3414 | D:4      | Lost mutation: Your magical capacity is low. (-10% MP) [potion of mutation]
  3414 | D:4      | Lost mutation: You occasionally shout uncontrollably at your foes. [potion of mutation]
  3414 | D:4      | Gained mutation: You tend to lose your temper in combat. [potion of mutation]
  3414 | D:4      | Gained mutation: You occasionally shout uncontrollably at your foes. [potion of mutation]
  3414 | D:4      | Gained mutation: You have an increased reservoir of magic. (+10% MP) [potion of mutation]
  3414 | D:4      | Gained mutation: You have a somewhat thin skeletal structure. (Dex +2, Stealth) [potion of mutation]
  3425 | D:5      | Entered Level 5 of the Dungeon
  3430 | D:5      | Noticed Barriton's ghost (novice MiGl)
  3450 | D:5      | Killed Barriton's ghost
  3450 | D:5      | Reached skill level 5 in Armour
  3450 | D:5      | Reached skill level 7 in Shields
  3450 | D:5      | Reached XP level 7. HP: 22/61 MP: 6/6
  3817 | D:5      | Reached XP level 8. HP: 61/68 MP: 7/7
  3846 | D:5      | Gained mutation: You are partially covered in yellow scales. (AC +2) [evolution]
  4305 | D:5      | Reached skill level 8 in Shields
  4752 | D:6      | Reached skill level 9 in Shields
  4803 | D:6      | Found Hituppah's Armour Shoppe.
  4897 | D:6      | Reached XP level 9. HP: 74/74 MP: 8/8
  5169 | D:6      | Gained mutation: You have large cloven feet. [evolution]
  5373 | D:7      | Found Axtys's Book Shop.
  5436 | D:7      | Found Sacav's Weapon Boutique.
  5440 | D:7      | Found Ryrex's Antique Weapon Boutique.
  5454 | D:7      | Bought a pitted long sword for 263 gold pieces
  5474 | D:7      | Identified the +6 long sword of Hecvoq {pain, Fragile Str+7 Stlth+} (You bought it in a shop on level 7 of the Dungeon)
  5489 | D:7      | Found a staircase to the Ecumenical Temple.
  5498 | Temple   | Entered the Ecumenical Temple
  5505 | Temple   | Became a worshipper of the Wu Jian Council
  5648 | D:7      | Found Veffa's Jewellery Shop.
  5656 | D:7      | Noticed tof's ghost (novice MiGl)
  5754 | D:7      | Killed tof's ghost
  5754 | D:7      | Reached skill level 10 in Shields
  5981 | D:7      | Found Kecol's Antique Armour Shop.
  5989 | D:7      | Bought a pair of glowing boots for 135 gold pieces
  5994 | D:7      | Identified a +1 pair of boots of running (You bought it in a shop on level 7 of the Dungeon)
  6196 | D:8      | Reached skill level 11 in Shields
  6214 | D:8      | Found a staircase to the Lair.
  6225 | D:8      | Reached * piety under Wu Jian
  6251 | D:8      | Reached XP level 10. HP: 56/84 MP: 10/10
  6427 | D:8      | Reached skill level 1 in Long Blades
  6558 | D:8      | Noticed Grum
  6566 | D:8      | Killed Grum
  6566 | D:8      | Reached skill level 12 in Shields
  6716 | D:8      | Found Bievos's Distillery.
  7082 | D:9      | Reached ** piety under Wu Jian
  7653 | D:9      | Noticed a gargoyle
  7681 | D:9      | Killed a gargoyle
  7681 | D:9      | Reached skill level 13 in Shields
  7693 | D:9      | Reached skill level 5 in Long Blades
  7817 | D:9      | Found an opulent altar of Gozag.
  7889 | D:10     | Entered Level 10 of the Dungeon
  7946 | D:10     | Noticed a two-headed ogre
  7958 | D:10     | Killed a two-headed ogre
  7998 | D:10     | Found a staircase to the Orcish Mines.
  8016 | D:10     | Reached XP level 11. HP: 55/91 MP: 11/11
  8219 | D:10     | Noticed a two-headed ogre
  8232 | D:10     | Killed a two-headed ogre
  8409 | D:10     | Gained mutation: You have a considerably increased reservoir of magic. (+20% MP) [evolution]
  8510 | D:10     | Reached skill level 14 in Shields
  8544 | D:10     | Reached *** piety under Wu Jian
  8553 | D:10     | Reached skill level 10 in Armour
  9154 | D:10     | Found Recva's Magic Scroll Boutique.
  9230 | D:10     | Noticed a two-headed ogre
  9237 | D:10     | Killed a two-headed ogre
  9523 | D:11     | Noticed a death knight
  9530 | D:11     | Killed a death knight
  9636 | D:11     | Found a large runed door.
  9636 | D:11     | Found a large runed door.
  9650 | D:11     | Reached skill level 15 in Shields
  9651 | D:11     | Noticed a two-headed ogre
  9937 | D:11     | Reached **** piety under Wu Jian
  9947 | D:11     | Noticed a two-headed ogre
  9949 | D:11     | Found a labyrinth entrance.
  9955 | D:11     | Killed a two-headed ogre
  9965 | Lab      | Entered a labyrinth
 10003 | Lab      | Reached XP level 12. HP: 101/101 MP: 13/13
 10232 | Lab      | Noticed a minotaur
 10248 | Lab      | Killed a minotaur
 10254 | Lab      | Got a faintly glowing dagger
 10278 | D:11     | Noticed a six-headed hydra
 10313 | D:11     | Found a large runed door.
 10313 | D:11     | Found a large runed door.
 10616 | Orc:1    | Entered Level 1 of the Orcish Mines
 10959 | Orc:1    | Reached skill level 10 in Long Blades
 11026 | Orc:1    | Reached ***** piety under Wu Jian
 11172 | Orc:1    | Found a roughly hewn altar of Beogh.
 11322 | Orc:1    | Identified the +8 dagger of Crawling {pierce, +Blink Int+3} (You found it in a labyrinth)
 11352 | Orc:2    | Entered Level 2 of the Orcish Mines
 11481 | Orc:2    | Noticed Rupert
 11487 | Orc:2    | Paralysed by Rupert for 5 turns
 11748 | Lair:1   | Entered Level 1 of the Lair of Beasts
 11939 | Lair:1   | Reached skill level 10 in Fighting
 11961 | Lair:1   | Reached skill level 5 in Dodging
 12356 | Lair:1   | Noticed a six-headed hydra
 12364 | Lair:1   | Killed a 12-headed hydra
 12897 | Lair:2   | Reached XP level 13. HP: 116/116 MP: 14/14
 13435 | Lair:3   | Found a staircase to the Shoals.
 13728 | Lair:3   | Upgraded the game from 0.21-a0-437-ge5bf024 to 0.21-a0-440-g28109cb
 13832 | D:7      | Bought a +6 ring of strength for 643 gold pieces
 13965 | Orc:2    | Killed Rupert
 14245 | Orc:2    | Lost mutation: You occasionally shout uncontrollably at your foes. [evolution]
 14661 | Orc:2    | Reached ****** piety under Wu Jian
 15125 | Orc:2    | Found a staircase to the Elven Halls.
 15387 | Orc:2    | Reached skill level 16 in Shields
 15608 | Orc:2    | Found Ynibbiel's Food Emporium.
 15608 | Orc:2    | Found Uthaurph's Antique Weapon Emporium.
 15609 | Orc:2    | Found Aly Tuy's Magic Scroll Emporium.
 15609 | Orc:2    | Found Gykiefizog's Gadget Shoppe.
 15682 | Elf:1    | Entered Level 1 of the Elven Halls
 15729 | Elf:1    | Killed from afar by a deep elf knight

Vault maps used:
D:1:      dpeg_arrival_central
D:2:      first_bread
D:3:      minivault_4, corexii_leaking_fountain, tso_metal_star
D:4:      serial_shops, shop, shop, nicolae_shop_behind_doors, shop,
          nicolae_shop_trees, serial_park_tiny_pond
D:6:      serial_shops, kennysheep_mini_moat, serial_curves, eino_curves_03,
          eino_curves_03
D:7:      minmay_temple_entry_overgrown, serial_shops,
          nicolae_shop_temple_entry_statues_fountains,
          nicolae_shop_behind_doors, shop_statue, shop, nicolae_shop_trees
D:8:      due_lair_maze_entry_diamond, serial_shops, shop, uniq_grum
D:9:      lemuel_doored_altar, st_stairs_3
D:10:     david_orc_3, serial_shops, shop, the_bakery,
          minmay_misc_feat_more_columns
D:11:     lab_entry_generic, serial_park_tiny_2, minmay_hollow_rounded_squares
D:12:     minmay_containers, serial_shops, shop, basic_altar,
          grunt_decor_clamped
Temple:   compressed_dpeg_triangle_lava_temple
Lair:1:   minmay_holes, grunt_megastairs_3
Lair:3:   minmay_shoals_entry_beasts, nicolae_spider_entry_orb_guardian,
          beast_lair_carwin_10, uniq_nergalle
Orc:1:    basic_altar
Orc:2:    st_orc_pillars, uniq_rupert
Elf:1:    eino_elf_arrival_shootout, serial_shops, shop, shop,
          minmay_elf_demonology
Lab:      nicolae_lab_dead_adventurers, nicolae_lab_dead_end,
          nicolae_lab_big_swirl, nicolae_lab_grate_2, nicolae_lab_flowing_pool,
          labyrinth_skeletal_remains, nicolae_lab_hexagon, nicolae_lab_diamond,
          nicolae_lab_plus

Skill      XL: |  1  2  3  4  5  6  7  8  9 10 11 12 13 |
---------------+----------------------------------------+-----
Fighting       | 4 5 6 7 11 12 | 12.4
Axes           | 3 5 6 7 |  7.4
Shields        | 7 9 11 13 15 16 | 16.2
Armour         | 5 6 7 9 10 11 12 | 12.1
Dodging        | 2 3 4 5 7 |  7.6
Long Blades    | 6 9 11 12 | 12.5

Action                   |  1- 3 |  4- 6 |  7- 9 | 10-12 | 13-15 || total
-------------------------+-------+-------+-------+-------+-------++-------
Melee: War axe           |    75 |   151 |   141 |       |       ||   367
       Headbutt          |     4 |    32 |    48 |   225 |   117 ||   426
       Long sword        |       |       |    96 |   734 |   355 ||  1185
       Kick              |       |       |    23 |       |       ||    23
Throw: Throwing net      |       |       |       |     1 |       ||     1
Evoke: Wand              |       |       |       |     1 |       ||     1
  Use: Scroll            |       |     3 |     5 |    15 |     5 ||    28
       Potion            |       |     2 |       |       |     1 ||     3
  Eat: Chunk             |     1 |     6 |     8 |    16 |     7 ||    38
       Royal jelly       |       |       |     1 |     1 |     1 ||     3
       Bread ration      |       |       |       |     1 |       ||     1
Armor: Scale mail        |    43 |    68 |    57 |       |       ||   168
       Plate armour      |       |       |    23 |   242 |     3 ||   268
       Crystal plate arm |       |       |       |   115 |    84 ||   199
Dodge: Dodged            |    29 |    52 |    69 |   290 |    52 ||   492
Block: Shield            |    49 |    76 |   140 |   614 |   228 ||  1107
       Rpst.: Long sword |       |       |     9 |    63 |    11 ||    83

Table legend:
 A = Spawn XP
 B = Non-spawn XP
 C = Spawn XP percentage of total XP
 D = Spawn monster count
 E = Non-spawn monster count
 F = Spawn count percentage of total count
 G = Total turns spent on level
                    A         B        C        D         E        F      G
               +---------+---------+-------+---------+---------+-------+---------
         Total |       0 |   59824 |   0.0 |       0 |     529 |   0.0 | 15729
               +---------+---------+-------+---------+---------+-------+---------
           D:1 |       0 |      58 |   0.0 |       0 |      31 |   0.0 |   872
           D:2 |       0 |      92 |   0.0 |       0 |      23 |   0.0 |  1009
           D:3 |       0 |     235 |   0.0 |       0 |      35 |   0.0 |   782
           D:4 |       0 |     260 |   0.0 |       0 |      10 |   0.0 |   762
           D:5 |       0 |    1535 |   0.0 |       0 |      31 |   0.0 |  1091
           D:6 |       0 |     904 |   0.0 |       0 |      12 |   0.0 |   857
           D:7 |       0 |    1357 |   0.0 |       0 |      21 |   0.0 |   830
           D:8 |       0 |    3098 |   0.0 |       0 |      48 |   0.0 |   936
           D:9 |       0 |    1682 |   0.0 |       0 |      27 |   0.0 |   890
          D:10 |       0 |    9993 |   0.0 |       0 |      80 |   0.0 |  2395
          D:11 |       0 |    2923 |   0.0 |       0 |      19 |   0.0 |   300
          D:12 |       0 |      81 |   0.0 |       0 |       2 |   0.0 |    74
        Lair:1 |       0 |    5378 |   0.0 |       0 |      21 |   0.0 |   855
        Lair:2 |       0 |    6866 |   0.0 |       0 |      29 |   0.0 |   866
        Lair:3 |       0 |    1511 |   0.0 |       0 |       6 |   0.0 |   318
         Orc:1 |       0 |    1285 |   0.0 |       0 |      20 |   0.0 |   611
         Orc:2 |       0 |   17187 |   0.0 |       0 |      97 |   0.0 |  1911
         Elf:1 |       0 |    1787 |   0.0 |       0 |       4 |   0.0 |    47
           Lab |       0 |    3592 |   0.0 |       0 |      13 |   0.0 |   309
               +---------+---------+-------+---------+---------+-------+---------
